 Dungeon Crawl Stone Soup version 0.20.1-1-g8b1a95d (webtiles) character file.

277 geeseburger the Slasher (level 6, -3/51 HPs)
             Began as a Minotaur Fighter on Aug 3, 2017.
             Was an Initiate of the Shining One.
             Slain by empire's ghost (15 damage)
             ... on level 4 of the Dungeon.
             The game lasted 00:13:28 (3259 turns).

geeseburger the Slasher (Minotaur Fighter)          Turns: 3259, Time: 00:13:29

Health: -3/51      AC: 10    Str: 22    XL:     6   Next: 4%
Magic:  5/5        EV:  6    Int:  5    God:    the Shining One [......]
Gold:   134        SH:  9    Dex: 10    Spells: 5/5 levels left

rFire    . . .     SeeInvis .   a - +0 long sword
rCold    . . .     Gourm    .   c - +0 shield
rNeg     . . .     Faith    .   s - +0 chain mail
rPois    .         Spirit   .   (helmet restricted)
rElec    .         Reflect  .   (no cloak)
rCorr    .         Harm     .   (no gloves)
MR       .....                  k - +0 pair of boots
Stlth    ..........             (no amulet)
Regen    0.2/turn               (no ring)
MPRegen  0.1/turn               (no ring)

@: glowing
A: retaliatory headbutt, horns 2
a: Renounce Religion


You were on level 4 of the Dungeon.
You worshipped the Shining One.
The Shining One was noncommittal.
You were not hungry.

You visited 1 branch of the dungeon, and saw 4 of its levels.

You collected 134 gold pieces.

Inventory:

Hand Weapons
 a - a +0 long sword (weapon)
Armour
 c - a +0 shield (worn)
 k - a +0 pair of boots (worn)
 n - a +0 helmet
 s - a +0 chain mail (worn)
Wands
 x - a wand of lightning (5/15)
Scrolls
 e - 3 scrolls of teleportation
 h - a scroll of blinking
 i - 2 scrolls of remove curse
 o - a scroll of magic mapping {unknown}
 p - a scroll of identify
 q - a scroll of random uselessness {unknown}
 r - a scroll of noise {unknown}
Potions
 d - a potion of might
 j - a potion of invisibility
 l - a potion of curing {unknown}
 m - a potion of mutation {unknown}
 u - a potion of berserk rage {unknown}
 v - a potion of heal wounds {unknown}
 w - 2 potions of flight {unknown}
Comestibles
 b - a royal jelly
 f - 2 bread rations
 g - 2 meat rations
 t - 2 fruits


   Skills:
 - Level 3.6 Fighting
 + Level 7.5 Long Blades
 - Level 3.6 Armour
 - Level 1.0 Dodging
 - Level 3.6 Shields


You had 5 spell levels left.
You didn't know any spells.

Dungeon Overview and Level Annotations

Branches:
Dungeon (4/15)
 Temple: D:4-7

Altars:
Dithmenos
Fedhas
Vehumet
The Shining One

Annotations:
D:4 empire's ghost, novice MiFi


Innate Abilities, Weirdness & Mutations

You reflexively headbutt those who attack you in melee.
You have a pair of horns on your head.


Message History

Empire's ghost is moderately damaged.
Empire's ghost hits you!
You closely miss empire's ghost.
You headbutt empire's ghost, but do no damage.
Empire's ghost is moderately damaged.
Empire's ghost hits you but does no damage.
You block empire's ghost's attack.
You hit empire's ghost.
You headbutt empire's ghost, but do no damage.
Empire's ghost is moderately damaged.
You block empire's ghost's attack.
You hit empire's ghost.
Empire's ghost is moderately damaged.
Empire's ghost hits you!
* * * LOW HITPOINT WARNING * * *
You barely miss empire's ghost.
Empire's ghost is moderately damaged.
Empire's ghost says, "I will deal out your death!"
Empire's ghost hits you!
You die...

##### ..... . ##### .
###. ##### #..
....####.... #.###
(#....[.... ##...#
...###.##. #.@W.#
..>....#.. #.##...#
..###...
#.##.#####.#.##....
##.##.......#.#.....
#...#..#.##.#.......
###.<.#..#.##.#.#.....
##........#.##.#.##....
.......)....#.##.#.###...
####........#.##.#.####.#


You could see empire's ghost.

Vanquished Creatures
  Jessica (D:3)
  A worker ant (D:4)
  Terence (D:3)
  Robin (D:2)
  3 gnolls (D:3)
  7 adders
  A worm (D:2)
  A dart slug (D:2)
  2 leopard geckos
  2 orcs (D:3)
  2 ball pythons
  2 giant cockroaches
  15 goblins
  15 hobgoblins
  4 jackals (D:2)
  6 kobolds
  2 quokkas (D:3)
  10 bats
  5 frilled lizards
  4 rats
85 creatures vanquished.

Notes
Turn   | Place    | Note
-------+----------+-------------------------------------------
     0 | D:1      | geeseburger the Minotaur Fighter began the quest for the Orb.
     0 | D:1      | Reached XP level 1. HP: 19/19 MP: 0/0
   174 | D:1      | Reached skill level 3 in Long Blades
   306 | D:1      | Reached XP level 2. HP: 20/26 MP: 1/1
   868 | D:2      | Reached skill level 4 in Long Blades
   905 | D:2      | Found a blossoming altar of Fedhas.
   965 | D:2      | Reached XP level 3. HP: 31/31 MP: 2/2
  1363 | D:2      | Reached skill level 5 in Long Blades
  1363 | D:2      | Reached skill level 1 in Dodging
  1363 | D:2      | Reached XP level 4. HP: 31/39 MP: 3/3
  1490 | D:2      | Noticed Robin
  1496 | D:2      | Killed Robin
  2076 | D:3      | Found a shadowy altar of Dithmenos.
  2237 | D:3      | Reached skill level 6 in Long Blades
  2322 | D:3      | Noticed Terence
  2324 | D:3      | Noticed Jessica
  2329 | D:3      | Killed Jessica
  2329 | D:3      | Reached XP level 5. HP: 45/45 MP: 4/4
  2340 | D:3      | Killed Terence
  2506 | D:3      | Reached skill level 7 in Long Blades
  2620 | D:3      | Found a radiant altar of Vehumet.
  3026 | D:3      | Found a glowing golden altar of the Shining One.
  3030 | D:3      | Became a worshipper of the Shining One
  3185 | D:4      | Reached XP level 6. HP: 46/51 MP: 5/5
  3242 | D:4      | Noticed empire's ghost (novice MiFi)
  3259 | D:4      | Slain by empire's ghost

Skill      XL: |  1  2  3  4  5 |
---------------+----------------+-----
Long Blades    | 3 4 5 6 7 |  7.5
Dodging        | 1 |  1.0
Fighting       | |  3.6
Armour         | |  3.6
Shields        | |  3.6

Action                   |  1- 3 |  4- 6 || total
-------------------------+-------+-------++-------
Melee: Long sword        |    87 |   158 ||   245
       Headbutt          |     9 |    22 ||    31
  Use: Scroll            |       |     6 ||     6
  Eat: Royal jelly       |     1 |     1 ||     2
       Meat ration       |       |     1 ||     1
Armor: Scale mail        |    39 |    44 ||    83
       Chain mail        |       |    17 ||    17
Dodge: Dodged            |    20 |    38 ||    58
Block: Shield            |    46 |    86 ||   132
       Rpst.: Long sword |     5 |     9 ||    14
